 Dungeon Crawl Stone Soup version 0.30-a0-125-g51eefa89be (webtiles) character file.

Game seed: 4802919015836131295

5367 dupek999 the Ogre Mage (level 10, -25/91 HPs)
             Began as an Ogre Hedge Wizard on Sept 18, 2022.
             Killed from afar by Erica the lindwurm (41 damage)
             ... with a blast of flame
             ... on level 10 of the Dungeon.
             The game lasted 00:47:24 (15290 turns).

dupek999 the Ogre Mage (Ogre Hedge Wizard)         Turns: 15290, Time: 00:47:25

Health: -25/91     AC:  5    Str: 16    XL:     10   Next: 65%
Magic:  22/22      EV: 11    Int: 19    God:
Gold:   345        SH:  0    Dex:  8    Spells: 8/25 levels left

rFire   . . .      SeeInvis .    y - +3 mace (vamp)
rCold   . . .      Faith    .    (no shield)
rNeg    . . .      Spirit   .    b - +0 robe
rPois   .          Reflect  .    i - +1 hat {Will+}
rElec   .          Harm     .    f - +0 cloak
rCorr   .          Rampage  .    (gloves unavailable)
Will    +++..      Clarity  +    (boots unavailable)
Stlth   ++........               (no amulet)
HPRegen 0.25/turn                C - ring of willpower
MPRegen 0.18/turn                (no ring)

@: no status effects
A: large, unfitting armour, tough skin 1, clarity, wild magic 1
a: no special abilities


You were on level 10 of the Dungeon.
You visited 2 branches of the dungeon, and saw 11 of its levels.

You collected 681 gold pieces.
You spent 336 gold pieces at shops.

Inventory:

Hand Weapons
 e - a +0 vorpal flail
 y - a +3 vampiric mace (weapon)
 G - a +3 whip of electrocution
Missiles
 z - 3 throwing nets
Armour
 b - a +0 robe (worn)
 c - a +0 hat
 f - a +0 cloak (worn)
 i - a +1 hat of willpower (worn)
Magical Staves
 g - a staff of conjuration
Jewellery
 C - a ring of willpower (left hand)
 E - a ring of willpower
Wands
 s - a wand of polymorph (15)
 D - a wand of flame (30)
Scrolls
 k - 2 scrolls of teleportation
 m - 2 scrolls of brand weapon
 o - 2 scrolls of magic mapping
 u - 2 scrolls of blinking
 x - 5 scrolls of enchant weapon
 A - a scroll of poison
Potions
 a - a potion of mutation
 d - 4 potions of magic
 h - a potion of cancellation
 j - a potion of ambrosia
 l - a potion of might
 n - 2 potions of flight
 t - 2 potions of haste
 w - 2 potions of curing
 B - a potion of brilliance
 F - 2 potions of resistance
 I - a potion of heal wounds


   Skills:
 - Level 3.0 Fighting
 - Level 0.1(1.5) Maces & Flails
 - Level 2.9(3.0) Staves
 * Level 6.8 Dodging
 - Level 3.0 Stealth
 + Level 8.0 Spellcasting
 + Level 4.5 Conjurations
 + Level 4.5 Summonings
 + Level 4.5 Translocations
 - Level 3.0 Air Magic
 - Level 3.0 Poison Magic
 + Level 3.2 Evocations


You had 8 spell levels left.
You knew the following spells:

 Your Spells              Type           Power      Damage    Failure   Level
a - Magic Dart            Conj           100%       1d8       2%          1
b - Blink                 Tloc           64%        N/A       4%          2
c - Call Imp              Summ           32%        N/A       3%          2
d - Mephitic Cloud        Conj/Pois/Air  27%        N/A       10%         3
e - Summon Forest         Summ/Tloc      16%        N/A       45%         5
f - Sticky Flame          Conj/Fire      21%        2d4       43%         4

Your spell library contained the following spells:

 Spells                   Type           Power      Damage    Failure   Level
 Cigotuvi's Dreadful Rot  Necr/Pois/Air  38%        N/A       10%         2
 Slow                     Hex            36%        N/A       13%         1
 Ignite Poison            Fire/Tmut/Pois 14%        N/A       26%         3
 Frozen Ramparts          Ice            18%        1d3       34%         3
 Inner Flame              Hex/Fire       9%         N/A       34%         3
 Summon Ice Beast         Ice/Summ       21%        N/A       43%         4
 Cause Fear               Hex            4%         N/A       73%         4
 Ice Form                 Ice/Tmut       9%         N/A       73%         4
 Summon Mana Viper        Hex/Summ       21%        N/A       77%         5
 Summon Cactus Giant      Summ           16%        N/A       95%         6
 Discord                  Hex            4%         N/A       100%        8


Dungeon Overview and Level Annotations

Branches:
Dungeon (10/15)            Temple (1/1) D:7
   Lair: D:8-11         Orc: D:9-12

Altars:
Ashenzari
Cheibriados
Dithmenos
Elyvilon
Fedhas
Gozag
Hepliaklqana
Kikubaaqudgha
Makhleb
Nemelex Xobeh
Okawaru
Qazlal
Ru
Sif Muna
Trog
Uskayaw
Vehumet
Wu Jian
Xom
Yredelemnul
Zin
The Shining One

Shops:
D:7 [   D:9 !

Annotations:
D:5 exclusion: ice beast
D:7 2 transporters, Yosebu's ghost, novice TrBe
D:10 Erica


Innate Abilities, Weirdness & Mutations

You are too large for most types of armour.
You have tough skin. (AC +1)
You possess an exceptional clarity of mind.
Your spells are a little harder to cast, but a little more powerful.


Message History

Reactivating autopickup.
There is a stone staircase leading down here.
You start resting.
Magic restored.
You start resting.
HP restored.
There is a stone staircase leading down here.
You climb downwards.
Level annotation: Erica
There is a stone staircase leading up here.
You see here a +0 short sword.
s - a wand of polymorph (16) (gained 6 charges)
You now have 345 gold pieces (gained 13).
Things that are here:
a +0 spear; a +0 cloak Erica shouts!
Things that are here:
a +0 scale mail; a +1 spear of venom
Aiming: Polymorph
Press: ? - help, Shift-Dir - straight line, f - Erica
Aim: Erica, wielding a +4 scimitar of flaming and wearing a +1 robe of positive energy (will become a troll, a lindwurm, or a komodo dragon, chance to affect: 23%) Erica evaporates and reforms as a lindwurm!
Casting: Mephitic Cloud (dangerous; 10% risk of failure)
Confirm with . or Enter, or press ? or * to list all spells.
Okay, then.
Erica breathes flames at you. The blast of flame hits you!!!
Ouch! That really hurt!
There is a stone staircase leading down here.
You are too injured to fight recklessly!
Unknown command.
Things that are here:
a +0 scale mail; a +1 spear of venom You see here a +0 short sword.
Erica breathes flames at you. The blast of flame hits you!!
* * * LOW HITPOINT WARNING * * *
Erica breathes flames at you. The blast of flame hits you!!!
You die...

*** ,,* ,,**
,,,**********
..,,,,,,,...#######
..,,,,,,,......<@.#######
.............####.......#
....[.........# ###...<.#
..............# ##k...# *
..............## #....#
** ......(........#
##)..## **,
.Y.............# ##[)###
***,,
...............###>)##
*,,,,
........)....[.##k.##
**,,,*


You could see Erica the lindwurm (catching breath).

Vanquished Creatures
  Maurice (D:10)
  2 hornets
  A shadow (D:9)
  A yak (D:10)
  A fire bat (D:7)
  A basilisk (D:8)
  3 steam dragons
  3 black bears
  2 sky beasts (D:6)
  4 orc warriors
  A phantom (D:5)
  A bullfrog (D:8)
  3 gnoll sergeants
  2 scorpions (D:5)
  3 wights (D:7)
  8 killer bees (D:9)
  A vampire bat (D:6)
  3 howler monkeys
  A crimson imp (D:5)
  2 hounds
  2 jellies
  3 orc priests
  A gnoll bouda (D:9)
  Ijyb (D:5)
  2 iguanas
  6 orc wizards
  24 gnolls
  5 adders
  A shadow imp (D:8)
  2 worms
  5 dart slugs
  36 orcs
  15 bats
  9 endoplasms
  3 giant cockroaches
  6 goblins
  12 hobgoblins
  3 quokkas
  8 ball pythons
  A frilled lizard (D:1)
  11 kobolds
  6 rats
206 creatures vanquished.

Vanquished Creatures (collateral kills)
  A wraith (D:10)
  A shadow (D:10)
  3 yaks (D:10)
  A hound (D:5)
  A bat (D:3)
  A rat (D:3)
8 creatures vanquished.

Vanquished Creatures (others)
  A killer bee (D:9)
1 creature vanquished.

Grand Total: 215 creatures vanquished

Notes
Turn   | Place    | Note
-------+----------+-------------------------------------------
     0 | D:1      | dupek999 the Ogre Hedge Wizard began the quest for the Orb.
     0 | D:1      | Reached XP level 1. HP: 16/16 MP: 5/5
   225 | D:1      | Found a faded altar of an unknown god.
   296 | D:1      | Reached skill level 1 in Conjurations
   296 | D:1      | Reached skill level 1 in Summonings
   296 | D:1      | Reached skill level 1 in Translocations
   298 | D:1      | Reached XP level 2. HP: 26/26 MP: 2/6
   306 | D:1      | Learned a level 2 spell: Blink
   309 | D:1      | Learned a level 2 spell: Call Imp
   719 | D:1      | Reached XP level 3. HP: 32/32 MP: 6/8
  1108 | D:1      | You fall into a shaft and drop 1 floor!
  1134 | D:2      | Reached skill level 4 in Spellcasting
  1314 | D:2      | Learned a level 3 spell: Mephitic Cloud
  1448 | D:2      | Reached skill level 1 in Fighting
  1877 | D:2      | Found an opulent altar of Gozag.
  2638 | D:3      | Reached XP level 4. HP: 34/41 MP: 7/10
  3077 | D:3      | Reached skill level 1 in Staves
  3483 | D:3      | Reached XP level 5. HP: 48/48 MP: 4/11
  4358 | D:4      | Found a shadowy altar of Dithmenos.
  4524 | D:4      | Reached XP level 6. HP: 38/57 MP: 3/12
  5514 | D:5      | Entered Level 5 of the Dungeon
  5560 | D:5      | Reached skill level 1 in Poison Magic
  5606 | D:5      | Noticed an ice beast
  5693 | D:5      | Found a large runed translucent door.
  5698 | D:5      | Reached skill level 1 in Air Magic
  5699 | D:5      | Found a large runed translucent door.
  5825 | D:5      | Learned a level 5 spell: Summon Forest
  6001 | D:5      | Found a burning altar of Makhleb.
  6011 | D:5      | Reached XP level 7. HP: 65/65 MP: 6/14
  6371 | D:5      | Reached skill level 5 in Spellcasting
  6531 | D:5      | Noticed Ijyb
  7000 | D:5      | Killed Ijyb
  7220 | D:5      | Found a hide-covered altar of Uskayaw.
  7223 | D:5      | Found a radiant altar of Vehumet.
  7294 | D:6      | Reached XP level 8. HP: 49/75 MP: 2/16
  8154 | D:6      | Learned a level 4 spell: Sticky Flame
  8169 | D:7      | Found an opulent altar of Gozag.
  8256 | D:7      | Found a staircase to the Ecumenical Temple.
  8308 | Temple   | Entered the Ecumenical Temple
  8712 | D:7      | Reached skill level 6 in Spellcasting
  9175 | D:7      | Found Nuisuqef's Armour Boutique.
  9196 | D:7      | Found a transporter.
  9196 | D:7      | Found a transporter.
  9196 | D:7      | Noticed a moth of wrath
  9199 | D:7      | Found a bloodstained altar of Trog.
  9199 | D:7      | Noticed a troll
  9200 | D:7      | Noticed Yosebu's ghost (novice TrBe)
  9324 | D:7      | Reached XP level 9. HP: 81/81 MP: 5/18
  9331 | D:7      | Reached skill level 1 in Evocations
  9975 | D:8      | Noticed a hornet
  9979 | D:8      | Paralysed by a hornet for 1 turns
 10342 | D:8      | Paralysed by a hornet for 3 turns
 10347 | D:8      | Gained mutation: Your spells are a little harder to cast,
                  | but a little more powerful. [potion of mutation]
 10347 | D:8      | Gained mutation: You possess an exceptional clarity of
                  | mind. [potion of mutation]
 10518 | D:8      | Killed a hornet
 10759 | D:8      | Found a bloodstained altar of Trog.
 10780 | D:8      | Noticed Joseph
 10785 | D:8      | Joseph changed into Joseph the basilisk
 10785 | D:8      | Noticed Joseph
 10815 | D:8      | Killed Joseph the basilisk
 10816 | D:8      | Reached skill level 5 in Dodging
 11167 | D:8      | Reached skill level 7 in Spellcasting
 12671 | D:9      | Found a sacrificial altar of Ru.
 12980 | D:9      | Noticed a hornet
 12998 | D:9      | Killed a hornet
 12999 | D:9      | Reached XP level 10. HP: 73/91 MP: 10/21
 13257 | D:9      | Found Deepsoud's Distillery.
 13267 | D:9      | Bought a potion of curing for 42 gold pieces
 13267 | D:9      | Bought a potion of heal wounds for 70 gold pieces
 13267 | D:9      | Bought a potion of curing for 42 gold pieces
 13267 | D:9      | Bought a potion of curing for 42 gold pieces
 13267 | D:9      | Bought a potion of haste for 140 gold pieces
 14030 | D:10     | Entered Level 10 of the Dungeon
 14052 | D:10     | Noticed Maurice
 14082 | D:10     | Killed Maurice
 14477 | D:10     | Identified a scroll of acquirement
 14477 | D:10     | Acquired a +0 hat of willpower
 14519 | D:10     | Reached skill level 8 in Spellcasting
 15003 | D:10     | Noticed Erica
 15279 | D:10     | Erica changed into Erica the lindwurm
 15279 | D:10     | Noticed Erica
 15290 | D:10     | Killed from afar by Erica the lindwurm

Illustrated notes

Levels and vault maps discovered:
D:1:      dpeg_arrival_short_road, layout_basic,
          ebering_ecumenical_altar_sacrificial, minmay_quantized
D:2:      layout_loops_ring, basic_altar
D:3:      layout_basic
D:4:      layout_loops_cross, nicolae_dithmenos_the_darkroom
D:5:      layout_basic, makhleb_grotto_becter, jmf_multi_god_temple2,
          kennysheep_windowed_goal, uniq_ijyb
D:6:      layout_loops_ring, roderic_batcave, corexii_checkpoint_a,
          nrook_campfire
D:7:      layout_loops_ring, old_standard_altar,
          minmay_temple_entry_butterflies, serial_shops, shop,
          gammafunk_ghost_wrathful_warriors
D:8:      layout_basic, trog_ov_bears_minmay, special_room [special_room_orc],
          minmay_misc_feat_pillars, uniq_joseph
D:9:      layout_long_grid, nicolae_ru_awakened_eye, serial_shops,
          nicolae_shop_crystal, serial_park_tiny_2
D:10:     layout_layer_cave, minmay_misc_feat_square, uniq_erica, uniq_maurice
Temple:   nicolae_temple_no_exploring_needed

Skill      XL: |  1  2  3  4  5  6  7  8  9 10 |
---------------+-------------------------------+-----
Conjurations   | 1 2 3 4 |  4.5
Summonings     | 1 2 3 4 |  4.5
Translocations | 1 2 3 4 |  4.5
Dodging        | 2 3 4 5 6 |  6.8
Spellcasting   | 4 5 6 7 8 |  8.0
Fighting       | 1 2 3 |  3.0
Staves         | 1 2 |  2.9
Stealth        | 2 3 |  3.0
Poison Magic   | 1 2 3 |  3.0
Air Magic      | 1 2 3 |  3.0
Evocations     | 2 3 |  3.2
Maces & Flails | |  0.1

Action                   |  1- 3 |  4- 6 |  7- 9 | 10-12 || total
-------------------------+-------+-------+-------+-------++-------
Melee: Flail             |    25 |    13 |   106 |       ||   144
       Staff             |    43 |    88 |    90 |     6 ||   227
       Punch             |     1 |     2 |     3 |     3 ||     9
       Mace              |       |    11 |    74 |    39 ||   124
       Whip              |       |       |    15 |    38 ||    53
 Cast: Magic Dart        |    91 |    91 |    92 |       ||   274
       Call Imp          |     1 |     4 |     2 |       ||     7
       Mephitic Cloud    |       |    14 |    79 |    26 ||   119
       Blink             |       |     5 |    20 |     2 ||    27
Evoke: Wand              |       |       |    41 |     2 ||    43
  Use: Scroll            |     1 |     5 |     3 |    12 ||    21
       Potion            |       |       |     7 |     4 ||    11
 Stab: Sleeping          |     1 |       |       |       ||     1
       Confused          |       |     6 |    20 |     6 ||    32
Armor: Robe              |    36 |    58 |   116 |     6 ||   216
       Skin              |       |       |    24 |       ||    24
Dodge: Dodged            |    35 |    85 |   213 |    58 ||   391

Table legend: (Time is in decaauts)
 A = Elapsed time spent in this place.
 B = Non-inter-level travel time spent in this place.
 C = Inter-level travel time spent in this place.
 D = Time resting spent in this place.
 E = Time spent auto-exploring this place.
 F = Levels seen in this place.
 G = Mean time per level.
                   A        B        C        D        E       F      G
               +--------+--------+--------+--------+--------+-----+--------+
         Total |  15377 |  14883 |    494 |   5549 |   7113 |  11 | 1397.9 |
       Dungeon |  15361 |  14875 |    486 |   5549 |   7113 |  10 | 1536.1 |
        Temple |     15 |      8 |      7 |      0 |      0 |   1 |   15.0 |
               +--------+--------+--------+--------+--------+-----+--------+

Top non-repeatable levels by time:
     D:8: 2300 daAuts
     D:9: 2172 daAuts
     D:7: 2005 daAuts
     D:4: 1610 daAuts
     D:3: 1564 daAuts
     D:1: 1520 daAuts
     D:5: 1491 daAuts
     D:2: 1107 daAuts
     D:6: 914 daAuts
    D:10: 674 daAuts
  Temple: 15 daAuts
